 Dungeon Crawl Stone Soup version 0.22.1-2-g9c5b331 (webtiles) character file.

26 Fang the Skirmisher (level 3, -1/36 HPs)
             Began as a Gargoyle Berserker on Dec 7, 2018.
             Was a Follower of Trog.
             Slain by an ogre
             ... wielding a +0 giant club
              (5 damage)
             ... on level 2 of the Dungeon.
             The game lasted 00:01:11 (684 turns).

Fang the Skirmisher (Gargoyle Berserker)             Turns: 684, Time: 00:01:11

Health: -1/36      AC:  5    Str: 26    XL:     3   Next: 8%
Magic:  3/3        EV: 12    Int:  7    God:    Trog [*.....]
Gold:   17         SH:  0    Dex:  9    Spells: 2/2 levels left

rFire    . . .     SeeInvis .   a - +0 hand axe
rCold    . . .     Gourm    .   (no shield)
rNeg     + . .     Faith    .   b - +0 animal skin
rPois    ∞         Spirit   .   (no helmet)
rElec    +         Reflect  .   (no cloak)
rCorr    .         Harm     .   (no gloves)
MR       .....                  (no boots)
Stlth    ..........             (no amulet)
HPRegen  0.12/turn              (no ring)
MPRegen  0.08/turn              (no ring)

@: berserking, very quick
A: negative energy resistance 1, electricity resistance, unbreathing,
petrification resistance, rot immunity, AC +3
a: Berserk, Renounce Religion


You were on level 2 of the Dungeon.
You worshipped Trog.
Trog was aware of your devotion.
You were near starving.

You visited 1 branch of the dungeon, and saw 2 of its levels.

You collected 17 gold pieces.

Inventory:

Hand Weapons
 a - a +0 hand axe (weapon)
Armour
 b - a +0 animal skin (worn)
Jewellery
 g - a +5 ring of dexterity {unknown}
Scrolls
 d - 3 scrolls of teleportation {unknown}
 j - a scroll of random uselessness {unknown}
 k - a scroll of enchant weapon {unknown}
Potions
 e - 2 potions of mutation {unknown}
 f - a potion of brilliance {unknown}
 h - a potion of haste {unknown}
 i - a potion of might {unknown}
Comestibles
 c - 2 rations


   Skills:
 + Level 3.7 Fighting
 + Level 3.1 Axes
 + Level 2.3 Armour
 + Level 2.0 Dodging


You had 2 spell levels left.
You didn't know any spells.
Your spell library was empty.

Dungeon Overview and Level Annotations

Branches:
Dungeon (2/15)

Altars:
Elyvilon


Innate Abilities, Weirdness & Mutations

You are resistant to torment.
Your stone body is resilient. (AC +3)
You are immune to poison.
You resist negative energy. (rN+)
You are resistant to electric shocks. (rElec)
You can survive without breathing.
You are immune to petrification.
You are immune to rotting.


Message History

* * * LOW HITPOINT WARNING * * *
Found a scroll labeled JINUL HOADDOT.
An ogre comes into view. It is wielding a giant club.
The ogre shouts!
You hear a shout!
The adder misses you.
A kobold comes into view.
The rat closely misses you. The adder bites you.
* * * LOW HITPOINT WARNING * * *
A red film seems to cover your vision as you go berserk!
You feel yourself moving faster!
You feel mighty!
You are near starving!
The kobold shouts!
The rat bites you but does no damage. The adder bites you but does no damage.
You barely miss the ogre. You slash the adder! You slash the rat!
You kill the rat!
Trog accepts your kill.
Your Dodging skill increases to level 2!
The ogre hits you with a giant club.
You die...

#######
#......##
........#
........#
.......K#
........#######
...............
.......@O......
....##.S.......
.[..##.........
........######.
...............
.............<.
#..............
####...........
#####......#...


You could see an ogre, an adder and a kobold.

Vanquished Creatures
  2 worms (D:2)
  3 bats (D:1)
  3 goblins (D:1)
  3 hobgoblins
  4 jackals (D:1)
  3 kobolds (D:1)
  3 rats
21 creatures vanquished.

Notes
Turn   | Place    | Note
-------+----------+-------------------------------------------
     0 | D:1      | Fang the Gargoyle Berserker began the quest for the Orb.
     0 | D:1      | Reached XP level 1. HP: 14/14 MP: 1/1
    68 | D:1      | Reached XP level 2. HP: 17/19 MP: 2/2
   218 | D:1      | You fall through a shaft!
   238 | D:2      | Found a white marble altar of Elyvilon.
   575 | D:2      | Reached XP level 3. HP: 15/24 MP: 3/3
   679 | D:2      | Noticed an ogre
   684 | D:2      | Slain by an ogre

Skill      XL: |  1  2  3 |
---------------+----------+-----
Axes           | 3 |  3.1
Dodging        | 2 |  2.0
Fighting       | |  3.7
Armour         | |  2.3

Action                   || total
-------------------------++-------
Melee: Hand axe          ||    74
Invok: Berserk           ||     3
Armor: Animal skin       ||    35
Dodge: Dodged            ||    57
